 Dungeon Crawl Stone Soup version 0.16.1-18-g436b03c (webtiles) character file.

1145 peculiar the Digger (level 8, -1/41 HPs)
             Began as a Gargoyle Earth Elementalist on May 18, 2015.
             Was an Initiate of Vehumet.
             Killed by divine providence
             ... invoked by an orc priest
              (13 damage)
             ... on level 5 of the Dungeon.
             The game lasted 00:14:52 (4494 turns).

peculiar the Digger (Gargoyle Earth Elementalist)   Turns: 4494, Time: 00:14:52

Health: -1/41      AC:  9    Str: 13    XL:     8   Next: 37%
Magic:  5/22       EV: 17    Int: 17    God:    Vehumet [......]
Gold:   252        SH:  0    Dex: 15    Spells: 3 memorised, 11 levels left

rFire  . . .     SeeInvis .     a - +2 dagger (venom)
rCold  . . .     Clarity  .     c - +0 robe
rNeg   + . .     SustAb   .     (no shield)
rPois  ∞         Gourm    .     q - +0 helmet
rElec  +         Spirit   .     m - +0 cloak
rCorr  .         Warding  .     (no gloves)
rMut   .         Stasis   .     (no boots)
MR     .....                    (no amulet)
Stlth  +++.......               (no ring)
                                (no ring)

@: agile, not resistant to hostile enchantments, fairly stealthy
A: negative energy resistance 1, electricity resistance, unbreathing,
petrification resistance, rot immunity, AC +5
a: Renounce Religion


You were on level 5 of the Dungeon.
You worshipped Vehumet.
Vehumet was noncommittal.
You were not hungry.

You visited 2 branches of the dungeon, and saw 6 of its levels.

You collected 252 gold pieces.

Inventory:

Hand weapons
 a - a +2 dagger of venom (weapon)
Missiles
 b - 192 stones (quivered)
Armour
 c - a +0 robe (worn)
 m - a +0 cloak (worn)
 q - a +0 helmet (worn)
Magical devices
 r - a wand of digging (10)
Scrolls
 e - a scroll of remove curse {unknown}
 g - 3 scrolls of magic mapping {unknown}
 j - 2 scrolls of identify
 l - 2 scrolls of blinking {unknown}
 o - 2 scrolls of immolation {unknown}
Potions
 k - a potion of curing {unknown}
 p - 2 potions of might {unknown}
 s - a potion of magic
Books
 d - a book of Geomancy

   Spells                             Type                      Level
   a - Sandblast                      Earth                        1
   b - Stoneskin                      Transmutation/Earth          2
   c - Passwall                       Transmutation/Earth          3
   d - Stone Arrow                    Conjuration/Earth            3
   e - Petrify                        Transmutation/Earth          4
   f - Lee's Rapid Deconstruction     Earth                        5
Comestibles
 f - 5 bread rations
 i - 5 meat rations
 n - a beef jerky
 t - 2 chunks of flesh


   Skills:
 - Level 1.5 Dodging
 - Level 2.1 Stealth
 * Level 6.9 Spellcasting
 + Level 4.0 Conjurations
   Level 0.7 Transmutations
 + Level 7.0 Earth Magic


You had 11 spell levels left.
You knew the following spells:

 Your Spells              Type           Power        Failure   Level  Hunger
a - Sandblast             Erth           ####..       1%          1    None
b - Stone Arrow           Conj/Erth      ###...       4%          3    ##.....
c - Lee's Rapid Deconstr  Erth           ####......   21%         5    #####..


Dungeon Overview and Level Annotations

Branches:
Dungeon (5/15)             Temple (1/1) D:4

Altars:
Ashenzari
Cheibriados
Dithmenos
Elyvilon
Fedhas
Gozag
Kikubaaqudgha
Nemelex Xobeh
Okawaru
Ru
Sif Muna
Trog
Vehumet
Zin


Innate Abilities, Weirdness & Mutations

You are resistant to torment.
You are immune to poison.
Your stone body is very resilient (AC +5).
You resist negative energy.
You are resistant to electric shocks.
You can survive without breathing.
You are immune to petrification.
You are immune to rotting.


Message History

The orc barely misses you. The hobgoblin misses you.
Casting: Stone Arrow
Confirm with . or Enter, or press ? or * to list all spells.
Aiming: Stone Arrow
Press: ? - help, Shift-Dir - straight line, f/p - orc priest
Aim: an orc priest, wielding a short sword and wearing a ring mail (heavily wounded)
The stone arrow misses the orc priest.
The stone arrow hits the orc.
You kill the orc!
Vehumet accepts your kill. The orc barely misses you. The hobgoblin misses you.
Casting: Stone Arrow
Confirm with . or Enter, or press ? or * to list all spells.
Aiming: Stone Arrow
Press: ? - help, Shift-Dir - straight line, f/p - orc priest
Aim: an orc priest, wielding a short sword and wearing a ring mail (heavily wounded)
The stone arrow misses the orc priest.
The orc closely misses you. The hobgoblin completely misses you.
The orc priest mumbles some strange prayers to Beogh against you.
Something smites you!
You die...

########.####....
#.....#.# #....
..######.###.#.####)...
........†.........)....
.###########.#.######..
...)....(####.#.# #..
.#######(((...#.# ###
........o.######.#
...)..o.@.'......#
.......g?.########
.........# .........#
.........# .........
........ ........ ...


You could see an orc priest, an orc and a hobgoblin.

Vanquished Creatures
  An ice beast (D:5)
  A sky beast (D:5)
  A black bear (D:3)
  An ogre (D:4)
  Sigmund (D:2)
  A centaur (D:5)
  A scorpion (D:4)
  The ghost of Uberwunderbarhen the Ducker, a weakling DsGl (D:3)
  2 vampire bats (D:2)
  A crimson imp (D:5)
  2 orc priests (D:5)
  Crazy Yiuf (D:2)
  A hound (D:4)
  An orc wizard (D:5)
  An iguana (D:3)
  Jessica (D:2)
  3 gnolls (D:2)
  9 adders
  2 worms
  4 giant geckos (D:3)
  6 orcs (D:5)
  2 ball pythons (D:3)
  13 bats
  3 bat skeletons (D:2)
  3 bat zombies (D:2)
  7 goblins
  8 hobgoblins
  13 jackals
  4 quokkas
  2 giant cockroaches
  4 giant newts
  A jackal skeleton (D:5)
  11 kobolds
  7 rats
  A fungus (D:2)
121 creatures vanquished.

Notes
Turn   | Place    | Note
--------------------------------------------------------------
     0 | D:1      | peculiar, the Gargoyle Earth Elementalist, began the quest for the Orb.
     0 | D:1      | Reached XP level 1. HP: 10/10 MP: 3/3
   295 | D:1      | Reached XP level 2. HP: 15/15 MP: 5/5
   652 | D:2      | Found a shattered altar of Ashenzari.
   714 | D:2      | Reached skill level 4 in Earth Magic
   714 | D:2      | Reached XP level 3. HP: 17/19 MP: 6/6
   813 | D:2      | Reached XP level 4. HP: 15/24 MP: 6/9
  1207 | D:2      | Noticed a vampire bat
  1220 | D:2      | Killed a vampire bat
  1220 | D:2      | Reached XP level 5. HP: 18/28 MP: 0/13
  1229 | D:2      | Noticed a vampire bat
  1229 | D:2      | Learned a level 3 spell: Stone Arrow
  1244 | D:2      | Killed a vampire bat
  1244 | D:2      | Reached skill level 5 in Earth Magic
  1385 | D:2      | Found an ancient bone altar of Kikubaaqudgha.
  1684 | D:2      | Noticed Sigmund
  1688 | D:2      | Killed Sigmund
  1688 | D:2      | Reached skill level 1 in Conjurations
  1688 | D:2      | Reached XP level 6. HP: 24/32 MP: 11/16
  1860 | D:2      | Noticed Jessica
  1879 | D:2      | Killed Jessica
  1973 | D:2      | Found a blossoming altar of Fedhas.
  2259 | D:2      | Noticed Crazy Yiuf
  2266 | D:2      | Killed Crazy Yiuf
  2332 | D:3      | Reached skill level 5 in Spellcasting
  2443 | D:3      | Reached XP level 7. HP: 36/36 MP: 14/18
  2729 | D:3      | Noticed Uberwunderbarhen's ghost (weakling DsGl)
  2742 | D:3      | Killed Uberwunderbarhen's ghost
  2742 | D:3      | Reached skill level 6 in Earth Magic
  3714 | D:4      | Found a staircase to the Ecumenical Temple.
  3859 | Temple   | Entered the Ecumenical Temple
  3879 | Temple   | Became a worshipper of Vehumet
  3918 | D:4      | Found a deep blue altar of Sif Muna.
  3918 | D:4      | Found a glowing silver altar of Zin.
  4144 | D:5      | Entered Level 5 of the Dungeon
  4165 | D:5      | Found an iron altar of Okawaru.
  4208 | D:5      | Learned a level 5 spell: Lee's Rapid Deconstruction
  4264 | D:5      | Reached XP level 8. HP: 34/41 MP: 7/21
  4488 | D:5      | Reached skill level 7 in Earth Magic
  4494 | D:5      | Killed from afar by an orc priest

Action                   |  1- 3 |  4- 6 |  7- 9 || total
-------------------------+-------+-------+-------++-------
Melee: Dagger            |    41 |    98 |   172 ||   311
 Cast: Sandblast         |     8 |    45 |    24 ||    77
       Stone Arrow       |       |       |    18 ||    18
  Use: Potion            |       |       |     2 ||     2
       Scroll            |       |       |     1 ||     1
 Stab: Sleeping          |     1 |     2 |     2 ||     5
  Eat: Beef jerky        |       |     1 |       ||     1
       Chunk             |       |     2 |     9 ||    11
